 Dungeon Sprint DCSS version 0.28-a0-206-gc2c9e32840 (webtiles) character file.

Game seed: 8223640308924040989

423 MikeHunt the Basher (level 6, 0/52 HPs)
             Began as a Palentonga Warper on Aug 20, 2021.
             Was an Initiate of Okawaru.
             Slain by Sonja (2 damage)
             ... in the Dungeon (Sprint I: "Red Sonja").
             The game lasted 00:03:03 (532 turns).

MikeHunt the Basher (Palentonga Warper)              Turns: 532, Time: 00:03:04

Health: 0/52       AC:  5    Str: 14    XL:     6   Next: 63%
Magic:  9/9        EV:  9    Int: 13    God:    Okawaru [......]
Gold:   313        SH:  0    Dex: 12    Spells: 9/9 levels left

rFire   . . .      SeeInvis +   a - +0 mace
rCold   . . .      Faith    .   (no shield)
rNeg    . . .      Spirit   .   i - +0 ring mail
rPois   .          Reflect  .   (no helmet)
rElec   .          Harm     .   (no cloak)
rCorr   .          Rampage  .   (no gloves)
Will    .....      NoTele   +   (no barding)
Stlth   +.........              (no amulet)
HPRegen 0.17/turn               (no ring)
MPRegen 0.11/turn               (no ring)

@: lethally poisoned (0 -> -9), slowed, very slow
A: large, rugged brown scales 3, see invisible, deformed body, roll 1, armoured
tail
a: Rolling Charge, Renounce Religion


You were in the Dungeon.
You worshipped Okawaru.
Okawaru was noncommittal.
You visited 1 branch You collected 313 gold pieces.

Inventory:

Hand Weapons
 a - a +0 mace (weapon)
Missiles
 d - 4 boomerangs of dispersal (quivered)
Armour
 b - a +0 leather armour
 i - a +0 ring mail (worn)
Wands
 j - a wand of flame (8)
Scrolls
 c - a scroll of blinking
Potions
 g - 2 potions of haste
 h - 2 potions of magic


   Skills:
 + Level 4.3 Fighting
 + Level 10.7 Maces & Flails
 - Level 0.6 Throwing
 - Level 0.7 Armour
 + Level 3.5 Dodging
 - Level 2.0 Spellcasting
 - Level 3.0 Translocations
 - Level 7.1 Evocations


You had 9 spell levels left.
You didn't know any spells.
Your spell library contained the following spells:

 Spells                   Type           Power      Damage    Failure   Level
 Blink                    Tloc           N/A        N/A       22%         2
 Gell's Gravitas          Tloc           4%         N/A       41%         3
 Lesser Beckoning         Tloc           4%         N/A       41%         3
 Teleport Other           Tloc           9%         N/A       41%         3
 Manifold Assault         Tloc           9%         N/A       99%         5


Dungeon Overview and Level Annotations

Branches:
Dungeon (1/1)

Altars:
Cheibriados
Dithmenos
Elyvilon
Fedhas
Gozag
Hepliaklqana
Kikubaaqudgha
Nemelex Xobeh
Okawaru
Qazlal
Ru
Sif Muna
Trog
Uskayaw
Vehumet
Wu Jian
Yredelemnul
Zin
The Shining One

Shops:
D (

Annotations:
D Sonja


Innate Abilities, Weirdness & Mutations

You are completely covered in rugged brown scales. (AC +3, +7% HP)
You have supernaturally acute eyesight. (SInv)
Armour fits poorly on your strangely shaped body.
You can roll at nearby foes to attack.
You have a long armoured tail.


Message History

You feel better.
Sonja throws a curare-tipped dart.
The curare-tipped dart hits you.
You are poisoned.
You have difficulty breathing.
You feel as though you will be slow longer.
Aiming: Throw Flame
Press: ? - help, Shift-Dir - straight line, f - you That beam is likely to hit you.
Continue anyway?
Okay, then.
Unknown command.
You feel very sick.
There is an open door here.
You feel very sick.
You close the door.
You feel very sick.
Sonja opens the door.
Sonja throws a curare-tipped dart.
The curare-tipped dart hits you.
You are lethally poisoned!
You have difficulty breathing.
* * * LOW HITPOINT WARNING * * *
You feel as though you will be slow longer.
Okay, then.
Unknown command.
You feel much better.
You feel very sick.
Sonja hits you with a +0 dagger of distortion!
Space bends around you.
* * * LOW HITPOINT WARNING * * *
Sonja hits you but does no damage. Space warps horribly around you.
* * * LOW HITPOINT WARNING * * *
Sonja hits you with a +0 dagger of distortion.
* * * LOW HITPOINT WARNING * * *
Okay, then.
Unknown command.
You closely miss Sonja.
* * * LOW HITPOINT WARNING * * *
You feel very sick.
Sonja hits you with a +0 dagger of distortion.
You die...

#..').#..').#..+
#..#####'#####'#
#..####..#...#.#
#..#__####..##.#
#..#_____##'#_.+
#⌠⌠#_.∩...'..._#
####_..__##_.#+#
#_____###K#
####### #@#
+$.$+ #$.$#
##.## #+#


You could see Sonja.

Vanquished Creatures
  Sigmund (D)
  A yak (D)
  An ogre (D)
  A jelly (D)
  Ijyb (D)
5 creatures vanquished.

Notes
Turn   | Place    | Note
-------+----------+-------------------------------------------
     0 | D        | MikeHunt the Palentonga Warper began the quest for the Orb.
     0 | D        | Reached XP level 1. HP: 17/17 MP: 3/3
     2 | D        | Noticed Ijyb
    10 | D        | Killed Ijyb
    11 | D        | Reached skill level 6 in Maces & Flails
    11 | D        | Reached XP level 2. HP: 23/23 MP: 5/5
   112 | D        | Noticed an ogre
   116 | D        | Killed an ogre
   117 | D        | Reached skill level 7 in Maces & Flails
   117 | D        | Reached XP level 3. HP: 28/28 MP: 6/6
   117 | D        | Reached XP level 4. HP: 35/35 MP: 7/7
   124 | D        | Noticed Sigmund
   130 | D        | Killed Sigmund
   131 | D        | Reached skill level 9 in Maces & Flails
   131 | D        | Reached XP level 5. HP: 31/40 MP: 8/8
   215 | D        | Found an ornate altar of the Wu Jian Council.
   215 | D        | Found a shimmering blue altar of Sif Muna.
   221 | D        | Reached skill level 10 in Maces & Flails
   221 | D        | Reached XP level 6. HP: 47/47 MP: 9/9
   221 | D        | Found a radiant altar of Vehumet.
   245 | D        | Found Esyg's Weapon Emporium.
   245 | D        | Found an ancient bone altar of Kikubaaqudgha.
   245 | D        | Found a hazy altar of Hepliaklqana.
   245 | D        | Found a hide-covered altar of Uskayaw.
   245 | D        | Found a basalt altar of Yredelemnul.
   245 | D        | Found an opulent altar of Gozag.
   245 | D        | Found a snail-covered altar of Cheibriados.
   245 | D        | Found a sacrificial altar of Ru.
   245 | D        | Found a shadowy altar of Dithmenos.
   245 | D        | Noticed a yak
   254 | D        | Found a stormy altar of Qazlal.
   254 | D        | Found a blossoming altar of Fedhas.
   254 | D        | Found a bloodstained altar of Trog.
   254 | D        | Found an iron altar of Okawaru.
   254 | D        | Found a glowing silver altar of Zin.
   267 | D        | Killed a yak
   506 | D        | Found a glowing golden altar of the Shining One.
   506 | D        | Found a white marble altar of Elyvilon.
   508 | D        | Found a sparkling altar of Nemelex Xobeh.
   514 | D        | Became a worshipper of Warmaster Okawaru
   522 | D        | Noticed Sonja
   532 | D        | HP: 2/52 [poisoned by Sonja (curare-tipped dart)]
   532 | D        | Slain by Sonja

Illustrated notes

Levels and vault maps discovered:
D:        dungeon_sprint_1 [red_sonja_temple_1, red_sonja_temple_small_1]

Skill      XL: |  1  2  3  4  5  6 |
---------------+-------------------+-----
Maces & Flails | 6 7 9 10 | 10.7
Evocations     | 4 6 7 |  7.1
Fighting       | 4 |  4.3
Dodging        | 3 |  3.5
Throwing       | |  0.6
Armour         | |  0.7
Spellcasting   | |  2.0
Translocations | |  3.0

Action                   |  1- 3 |  4- 6 || total
-------------------------+-------+-------++-------
Melee: Mace              |     6 |    13 ||    19
       Tailslap          |       |     2 ||     2
Throw: Boomerang         |     1 |       ||     1
Evoke: Wand              |     3 |    11 ||    14
  Use: Potion            |     1 |     2 ||     3
       Scroll            |       |     1 ||     1
Armor: Ring mail         |       |     1 ||     1
Dodge: Dodged            |     4 |     8 ||    12

Table legend: (Time is in decaauts)
 A = Elapsed time spent in this place.
 B = Non-inter-level travel time spent in this place.
 C = Inter-level travel time spent in this place.
 D = Time resting spent in this place.
 E = Time spent auto-exploring this place.
 F = Levels seen in this place.
 G = Mean time per level.
                   A        B        C        D        E       F      G
               +--------+--------+--------+--------+--------+-----+--------+
         Total |    541 |    541 |      0 |    379 |      0 |   1 |  541.0 |
       Dungeon |    541 |    541 |      0 |    379 |      0 |   1 |  541.0 |
               +--------+--------+--------+--------+--------+-----+--------+

Top non-repeatable levels by time:
       D: 541 daAuts
